 Dungeon Crawl Stone Soup version 0.30-a0-354-g6b83867211 (webtiles) character file.

Game seed: 16131173462345584375

3661 ytrimaz the Carver (level 10, 0/78 HPs)
             Began as a Formicid Fighter on Nov 7, 2022.
             Was a Believer of Okawaru.
             Shot with an arrow by a centaur warrior (12 damage)
             ... on level 8 of the Dungeon.
             The game lasted 00:10:23 (9206 turns).

ytrimaz the Carver (Formicid Fighter)               Turns: 9206, Time: 00:10:24

Health: 0/78       AC: 13    Str: 26    XL:     10   Next: 34%
Magic:  11/11      EV:  6    Int:  6    God:    Okawaru [**....]
Gold:   249        SH:  5    Dex: 16    Spells: 9/9 levels left

rFire   . . .      SeeInvis +    k - +2 long sword (flame)
rCold   . . .      Faith    .    c - +0 buckler
rNeg    . . .      Spirit   .    z - +0 plate armour
rPois   .          Reflect  .    (helmet unavailable)
rElec   .          Harm     .    l - +0 cloak
rCorr   .          Rampage  .    t - +0 pair of gloves
Will    ++...                    (no boots)
Stlth   ..........               h - amulet of magic regeneration
HPRegen 0.33/turn                w - ring of willpower
MPRegen 0.52/turn                (no ring)

@: lethally poisoned (0 -> -5), flying
A: permanent stasis, dig shafts and tunnels, antennae 3, four strong arms, sense
surroundings 1, robust 1, strong 1
a: Dig, Shaft Self, Renounce Religion, Heroism


You were on level 8 of the Dungeon.
You worshipped Okawaru.
Okawaru was pleased with you.
You visited 2 branches of the dungeon, and saw 9 of its levels.
You also visited: Sewer.

You collected 458 gold pieces.
You spent 209 gold pieces at shops.


Innate Abilities, Weirdness & Mutations

You cannot be hasted, slowed, berserked, paralysed or teleported.
You can dig through walls and to a lower floor.
You have a pair of large antennae on your head. (SInv)
Your four strong arms can wield two-handed weapons with a shield.
You passively map a small area around you.
You are robust. (+10% HP)
Your muscles are strong. (Str +4, Int/Dex -1)


   Skills:
 + Level 3.7 Fighting
 - Level 14.0 Long Blades
 - Level 3.2 Armour
 - Level 4.0 Shields
 + Level 1.8 Invocations


You had 9 spell levels left.
You didn't know any spells.
Your spell library contained the following spells:

 Spells                   Type           Power      Damage    Failure   Level
 Necrotise                Necr           0%         1d4       100%        1
 Vampiric Draining        Necr           0%         2d6       100%        3
 Airstrike                Air            0%         2d(0-16)  100%        4
 Agony                    Necr           0%         N/A       100%        5
 Lightning Bolt           Conj/Air       0%         1d11      100%        5
 Summon Lightning Spire   Summ/Air       Unusable   N/A       N/A         4

Inventory:

Hand Weapons
 b - a +3 scimitar
   (You took it off a wight on level 6 of the Dungeon)
 k - a +2 long sword of flaming (weapon)
   (You took it off Maggie on level 7 of the Dungeon)
Missiles
 d - 38 poisoned darts (quivered)
 f - a curare-tipped dart
 y - 3 boomerangs
Armour
 c - a +0 buckler (worn)
 l - a +0 cloak (worn)
   (You found it on level 2 of the Dungeon)
 t - a +0 pair of gloves (worn)
   (You found it on level 5 of the Dungeon)
 x - +2 acid dragon scales
   (You took it off Maggie on level 7 of the Dungeon)
 z - a +0 plate armour (worn)
   (You took it off an orc warrior on level 6 of the Dungeon)
Jewellery
 h - an amulet of magic regeneration (around neck)
   (You found it on level 1 of the Dungeon)
 w - a ring of willpower (left hand)
   (You found it on level 6 of the Dungeon)
Wands
 i - a wand of digging (8)
   (You took it off Ijyb on level 3 of the Dungeon)
 j - a wand of flame (26)
   (You took it off Jessica on level 2 of the Dungeon)
 m - a wand of paralysis (12)
   (You found it on level 7 of the Dungeon)
 s - a wand of polymorph (7)
   (You found it on level 7 of the Dungeon)
Scrolls
 g - 2 scrolls of enchant armour
 n - a scroll of brand weapon
 r - 2 scrolls of fog
Potions
 a - a potion of brilliance {unknown}
 e - a potion of degeneration {unknown}
 p - 5 potions of curing
 u - 2 potions of mutation
 v - a potion of magic

Dungeon Overview and Level Annotations

Branches:
Dungeon (8/15) Zot: 26483  Temple (1/1) D:5 Zot: 5968   Sewer (visited)
   Lair: D:8-11

Altars:
Ashenzari
Cheibriados
Dithmenos
Elyvilon
Fedhas
Gozag
Hepliaklqana
Kikubaaqudgha
Makhleb
Nemelex Xobeh
Okawaru
Qazlal
Ru
Sif Muna
Trog
Uskayaw
Vehumet
Wu Jian
Xom
Yredelemnul
Zin
The Shining One

Shops:
D:1

!( * *#######*
,...(...###.. # *
#..#.#.#... #. *
#..#.#.$.. # * *,
###..####..#)#...#.#
,,,
,................{..
, **
#..####..#.#.$.#,
#.......h#o#...##..
,
#..#<.F@S.ho.......
,...{
####.o#h#...####
#**, #.....#)#.#.# ,
.............. #* *
....c...##.#... , ,
,###...........#. *
, #####..#.##.#..* *
, #..... .#,.# * *
.....$ . , *


You could see a centaur warrior, a water moccasin, a bullfrog, 3 howler monkeys
and 3 orcs.


Message History

No target in view!
There is a stone staircase leading up here.
An orc comes into view. It is wielding a +0 club.
The orc shouts!
You hear a howl!
You hear a shout! x2
An orc is nearby!
An orc is nearby!
An orc comes into view. It is wielding a +0 flail.
The orc shouts!
You hear a howl! x2
The orc barely misses you.
An orc comes into view. It is wielding a +0 morningstar.
The orc shouts!
You slash the orc! You burn the orc.
You kill the orc!
Okawaru accepts your kill.
You hear a shout! 2 howler monkeys come into view.
The howler monkey howls!
The howler monkey hoots and howls with incredible vigour!
Things that are here:
a +0 club; a +0 ring mail Unknown command.
You hit the orc. You burn the orc.
A water moccasin comes into view.
The orc hits you with a +0 flail.
The howler monkey hoots and howls with incredible vigour! x2
You hear a shout! 😕 HP[-2]
You take 2 damage, and now have 76/78 hp.
You closely miss the orc.
An orc comes into view. It is wielding a +0 mace.
The orc hits you but does no damage.
Unknown command.
You closely miss the orc.
Unknown command.
You slash the orc! You burn the orc.
You kill the orc!
Okawaru accepts your kill.
A howler monkey comes into view. 😕 HP[+1]
An orc comes into view. It is wielding a +0 hand axe.
The howler monkey hoots and howls with incredible vigour! x2
You hear a shout!
You hear a croak.
You closely miss the orc. You block the orc's attack. 😎 HP[+1]
Your hp is fully restored (78).
You hit the water moccasin. You burn the water moccasin.
The water moccasin bites you! You block the orc's attack. 😕 HP[-7]
You take 7 damage, and now have 71/78 hp.
Unknown command.
You hit the water moccasin. You burn the water moccasin.
The water moccasin bites you but does no damage.
The howler monkey attacks as you move away!
The howler monkey hits you but does no damage.
The orc attacks as you move away! You block the orc's attack.
The water moccasin attacks as you move away!
The water moccasin bites you!
The howler monkey hoots and howls with incredible vigour!
A bullfrog comes into view.
The howler monkey hoots and howls with incredible vigour!
The howler monkey hits you.
The bullfrog croaks. 😕 HP[-12]
You take 12 damage, and now have 59/78 hp.
You hit the howler monkey but do no damage.
The centaur warrior shoots an arrow.
The arrow hits you. 😮 HP[-2]
You take 2 damage, and now have 57/78 hp.
You are too injured to fight recklessly!
You hit the howler monkey. You burn the howler monkey.
The centaur warrior shoots an arrow.
The arrow hits you! 😮 HP[-14]
You take 14 damage, and now have 43/78 hp.
Unknown command.
The howler monkey hits you.
The howler monkey hoots and howls with incredible vigour!
The water moccasin bites you.
* * * LOW HITPOINT WARNING * * *
You are poisoned.
The water moccasin poisons you! 😨 HP[-9]
You take 9 damage, and now have 34/78 hp.
You slash the bullfrog! You burn the bullfrog.
You feel sick. The howler monkey hits you.
* * * LOW HITPOINT WARNING * * *
The centaur warrior shoots an arrow.
The arrow hits you!
* * * LOW HITPOINT WARNING * * *
The bullfrog hits you but does no damage.
The water moccasin bites you but does no damage. 😱 HP[-20]
You take 20 damage, and now have 14/78 hp.
MASSIVE DAMAGE!! (PAUSE)
You feel very buoyant.
You fly up into the air.
You feel sick.
The centaur warrior shoots an arrow.
You block the arrow.
The howler monkey hits you but does no damage.
You block the bullfrog's attack. The water moccasin bites you.
* * * LOW HITPOINT WARNING * * *
The centaur warrior shoots an arrow.
The arrow hits you!
You die...

Skill      XL: |  1  2  3  4  5  6  7  8  9 10 |
---------------+-------------------------------+-----
Long Blades    | 3 4 5 7 8 10 13 14 | 14.0
Invocations    | 1 |  1.8
Fighting       | |  3.7
Armour         | |  3.2
Shields        | |  4.0

Action                   |  1- 3 |  4- 6 |  7- 9 | 10-12 || total
-------------------------+-------+-------+-------+-------++-------
Melee: Long sword        |    68 |   153 |   402 |   100 ||   723
 Abil: Dig               |       |       |     2 |       ||     2
  Use: Scroll            |     1 |     9 |     8 |       ||    18
       Potion            |       |     8 |    11 |     4 ||    23
 Stab: Invisible         |       |     2 |     8 |       ||    10
Armor: Scale mail        |    30 |   104 |   130 |       ||   264
       Plate armour      |       |       |    25 |    52 ||    77
       Skin              |       |       |       |     4 ||     4
Dodge: Dodged            |    18 |    81 |   123 |    19 ||   241
Block: Buckler           |    17 |    52 |    98 |    19 ||   186

Levels and vault maps discovered:
D:1:      dpeg_arrival_stonehenge_12_columns, layout_loops_cross, serial_shops,
          shop_statue, nicolae_shop_trees, serial_bayou_crossing
D:2:      layout_loops_ring, uniq_jessica
D:3:      layout_basic, portal_sewer_entry_b, uniq_grinder, uniq_ijyb
D:4:      layout_layer_cave, st_stairs_11, uniq_robin
D:5:      layout_loops_corners, mainiacjoe_overflow_surrounded_room,
          minmay_temple_entry_mini_moons, hangedman_decor_push,
          minmay_misc_feat_tower, dreamdust_princess_corridor,
          minmay_misc_feat_plants
D:6:      minmay_bubble_buster, layout_cave_pools, lemuel_blue_sif_altar,
          kennysheep_mini, pdpol_wu_jian_five_deadly_venoms
D:7:      layout_loops_ring, nicolae_uskayaw_murder_on_the_dancefloor,
          uniq_maggie, uniq_duvessa
D:8:      layout_basic, nicolae_evil_shop
Temple:   sentei_temple_godly_chess

Notes
Turn   | Place    | Note
-------+----------+-------------------------------------------
     0 | D:1      | ytrimaz the Formicid Fighter began the quest for the Orb.
     0 | D:1      | Reached XP level 1. HP: 18/18 MP: 1/1
     0 | D:1      | magus.rc [v1.9.6]
   144 | D:1      | Found Teicemubu's Distillery.
   248 | D:1      | Found Naxtug's Antique Weapon Shoppe.
   571 | D:2      | Reached XP level 2. HP: 24/24 MP: 2/2
   699 | D:2      | Reached skill level 3 in Long Blades
   791 | D:2      | Reached XP level 3. HP: 29/29 MP: 3/3
   952 | D:2      | Noticed Jessica
   963 | D:2      | Killed Jessica
   964 | D:2      | Reached skill level 4 in Long Blades
   964 | D:2      | Reached XP level 4. HP: 18/35 MP: 4/4
  1377 | D:3      | Found a glowing drain.
  1400 | Sewer    | Entered a sewer
  1580 | Sewer    | Reached XP level 5. HP: 26/41 MP: 5/5
  1667 | Sewer    | Noticed a kobold brigand
  1668 | Sewer    | Found a burning altar of Makhleb.
  1668 | Sewer    | Noticed a kobold brigand
  1683 | Sewer    | Reached skill level 5 in Long Blades
  1689 | Sewer    | Killed a kobold brigand
  1692 | Sewer    | Reached XP level 6. HP: 31/47 MP: 6/6
  1697 | Sewer    | Reached skill level 6 in Long Blades
  2148 | D:3      | Noticed Ijyb
  2164 | D:3      | Killed Ijyb
  2396 | D:3      | Gained mutation: You are dopey. (Int -2) [potion of
                  | mutation]
  2397 | D:3      | Lost mutation: You are dopey. (Int -2) [potion of mutation]
  2397 | D:3      | Gained mutation: You occasionally lose the ability to read
                  | scrolls when taking damage. [potion of mutation]
  2397 | D:3      | Gained mutation: You expend magic power (3 MP) to
                  | strengthen your wands. [potion of mutation]
  2398 | D:3      | Lost mutation: You expend magic power (3 MP) to strengthen
                  | your wands. [potion of mutation]
  2398 | D:3      | Lost mutation: You occasionally lose the ability to read
                  | scrolls when taking damage. [potion of mutation]
  2398 | D:3      | Gained mutation: Armour fits poorly on your strangely
                  | shaped body. [potion of mutation]
  2398 | D:3      | Gained mutation: You are strong-willed. (Will+) [potion of
                  | mutation]
  2427 | D:3      | Noticed Grinder
  2443 | D:3      | HP: 10/47 [Grinder (6)]
  2453 | D:3      | Killed Grinder
  2454 | D:3      | Reached skill level 7 in Long Blades
  2454 | D:3      | Reached XP level 7. HP: 15/52 MP: 7/7
  3361 | D:1      | Bought a potion of mutation for 88 gold pieces
  3361 | D:1      | Bought a potion of lignification for 33 gold pieces
  3361 | D:1      | Bought a potion of mutation for 88 gold pieces
  3361 | D:1      | Lost mutation: Armour fits poorly on your strangely shaped
                  | body. [potion of mutation]
  3361 | D:1      | Lost mutation: You are strong-willed. (Will+) [potion of
                  | mutation]
  3361 | D:1      | Gained mutation: You possess an exceptional clarity of
                  | mind. [potion of mutation]
  3361 | D:1      | Gained mutation: You occasionally shout uncontrollably at
                  | your foes. [potion of mutation]
  3361 | D:1      | Gained mutation: You passively map a small area around you.
                  | [potion of mutation]
  3361 | D:1      | Gained mutation: You are robust. (+10% HP) [potion of
                  | mutation]
  3362 | D:1      | Lost mutation: You occasionally shout uncontrollably at
                  | your foes. [potion of mutation]
  3362 | D:1      | Lost mutation: You possess an exceptional clarity of mind.
                  | [potion of mutation]
  3362 | D:1      | Gained mutation: Your muscles are strong. (Str +4, Int/Dex
                  | -1) [potion of mutation]
  3425 | D:4      | Noticed Robin
  3449 | D:4      | Reached skill level 8 in Long Blades
  3465 | D:4      | Killed Robin
  3870 | D:4      | HP: 13/57 [gnoll/+4 spear (4)]
  4075 | D:4      | Reached XP level 8. HP: 62/63 MP: 8/8
  4173 | D:4      | HP: 15/63 [ogre/+0 giant club (20)]
  4183 | D:4      | Reached skill level 9 in Long Blades
  4731 | D:5      | Entered Level 5 of the Dungeon
  4876 | D:5      | Found a staircase to the Ecumenical Temple.
  4899 | Temple   | Entered the Ecumenical Temple
  4923 | Temple   | Became a worshipper of Warmaster Okawaru
  5436 | D:5      | Reached skill level 10 in Long Blades
  5458 | D:5      | Found a hazy altar of Hepliaklqana.
  5987 | D:6      | Reached XP level 9. HP: 53/70 MP: 9/9
  6036 | D:6      | Reached * piety under Okawaru
  6037 | D:6      | Reached skill level 11 in Long Blades
  6263 | D:6      | HP: 17/70 [poisoned by a water moccasin]
  6264 | D:6      | HP: 7/70 [water moccasin (5)]
  6476 | D:6      | Identified the +0 flail "Ugyhukh" {flame, rF++ rCorr}
  6673 | D:6      | Reached skill level 12 in Long Blades
  6859 | D:6      | Found an ornate altar of the Wu Jian Council.
  7042 | D:6      | Found a burning altar of Makhleb.
  7105 | D:6      | Found a shimmering blue altar of Sif Muna.
  7439 | D:7      | Noticed Maggie
  7467 | D:7      | HP: 17/105 [Maggie/bolt of fire (13)]
  7471 | D:7      | Killed Maggie
  7471 | D:7      | Reached ** piety under Okawaru
  7521 | D:7      | Reached skill level 13 in Long Blades
  7521 | D:7      | Reached XP level 10. HP: 26/77 MP: 10/10
  7524 | D:7      | Found a hide-covered altar of Uskayaw.
  7773 | D:7      | Noticed Dowan
  7774 | D:7      | Noticed Duvessa
  7794 | D:7      | Killed Duvessa
  7796 | D:7      | HP: 17/77 [Dowan/shard of ice (12)]
  7806 | D:7      | Killed Dowan
  8006 | D:7      | You pick up a book of Necromancy and begin reading...
  8006 | D:7      | You add the spells Necrotise, Vampiric Draining and Agony
                  | to your library.
  8209 | D:7      | You pick up a book of Storms and begin reading...
  8209 | D:7      | You add the spells Airstrike and Lightning Bolt to your
                  | library.
  8516 | D:7      | Reached skill level 14 in Long Blades
  8688 | D:8      | Noticed a centaur warrior
  8696 | D:7      | Reached skill level 1 in Invocations
  9205 | D:8      | HP: 14/78 [centaur warrior/arrow (16)]
  9206 | D:8      | Shot with an arrow by a centaur warrior

Vanquished Creatures
  Maggie (D:7)
  Grinder (D:3)
  3 water moccasins
  Duvessa (D:7)
  An ice beast (D:7)
  An orc warrior (D:6)
  A sky beast (D:7)
  3 centaurs
  3 ogres
  2 phantoms
  2 kobold brigands (Sewer)
  2 bullfrogs (D:7)
  2 scorpions (D:5)
  7 wights
  Dowan (D:7)
  A howler monkey (D:4)
  3 jellies
  A quasit (Sewer)
  5 hounds
  2 orc priests (D:6)
  Jessica (D:2)
  Ijyb (D:3)
  7 iguanas
  4 orc wizards (D:6)
  Robin (D:4)
  3 gnolls (D:4)
  11 adders
  4 shadow imps
  6 white imps
  6 ufetubi (Sewer)
  An adder zombie (Sewer)
  6 worms
  3 dart slugs (D:4)
  24 orcs
  An endoplasm (D:3)
  2 giant cockroaches
  11 goblins
  6 hobgoblins
  2 jackals (D:2)
  2 quokkas (D:2)
  12 ball pythons
  4 bats
  2 frilled lizards (D:2)
  25 kobolds
  6 rats
194 creatures vanquished.

Vanquished Creatures (others)
  2 endoplasms (Sewer)
2 creatures vanquished.

Grand Total: 196 creatures vanquished

Table legend:
 A = Non-vault XP
 B = Vault XP
 C = Vault XP percentage of total XP
 D = Non-vault monster count
 E = Vault monster count
 F = Vault count percentage of total count
                 A         B        C        D         E       F
            +---------+---------+-------+---------+---------+-------
      Total |    3436 |    1794 |  34.3 |     125 |      69 |  35.6
            +---------+---------+-------+---------+---------+-------
        D:1 |       8 |       0 |   0.0 |       6 |       0 |   0.0
        D:2 |      47 |      37 |  44.0 |      17 |       1 |   5.6
        D:3 |      68 |     316 |  82.3 |      12 |       7 |  36.8
        D:4 |     389 |      45 |  10.4 |      20 |      15 |  42.9
        D:5 |     728 |       0 |   0.0 |      17 |       0 |   0.0
        D:6 |     891 |     455 |  33.8 |      31 |       9 |  22.5
        D:7 |    1299 |     601 |  31.6 |      20 |       3 |  13.0
        D:8 |       6 |       0 |   0.0 |       2 |       0 |   0.0
      Sewer |       0 |     340 | 100.0 |       0 |      34 | 100.0
            +---------+---------+-------+---------+---------+-------

Illustrated notes

Table legend:
 A = Kills in this place as a percentage of kills in entire the game.
 B = Kills by you in this place as a percentage of kills by you in the entire game.
 C = Kills by friends in this place as a percentage of kills by friends in the entire game.
 D = Other kills in this place as a percentage of other kills in the entire game.
 E = Experience gained in this place as a percentage of experience gained in the entire game.
 F = Experience gained in this place divided by the number of levels of this place that you have seen.
                   A       B       C       D       E      F
               +-------+-------+-------+-------+-------+----------------------
         Total | 100.0 | 100.0 |   N/A |   N/A | 100.0 | 523.0
       Dungeon |  82.5 |  82.5 |   N/A |   N/A |  93.5 | 611.2
         Sewer |  17.5 |  17.5 |   N/A |   N/A |   6.5 | 340.0
               +-------+-------+-------+-------+-------+----------------------

Table legend: (Time is in decaauts)
 A = Elapsed time spent in this place.
 B = Non-inter-level travel time spent in this place.
 C = Inter-level travel time spent in this place.
 D = Time resting spent in this place.
 E = Time spent auto-exploring this place.
 F = Levels seen in this place.
 G = Mean time per level.
                   A        B        C        D        E       F      G
               +--------+--------+--------+--------+--------+-----+--------+
         Total |   9219 |   8951 |    268 |    867 |   6441 |  10 |  921.9 |
       Dungeon |   8542 |   8277 |    265 |    867 |   6019 |   8 | 1067.8 |
        Temple |     31 |     28 |      3 |      0 |     16 |   1 |   31.0 |
         Sewer |    646 |    646 |      0 |      0 |    406 |   1 |  646.0 |
               +--------+--------+--------+--------+--------+-----+--------+

Top non-repeatable levels by time:
     D:7: 1769 daAuts
     D:3: 1370 daAuts
     D:6: 1354 daAuts
     D:4: 1309 daAuts
     D:5: 1222 daAuts
     D:2: 855 daAuts
   Sewer: 646 daAuts
     D:1: 620 daAuts
     D:8: 40 daAuts
  Temple: 31 daAuts
